 Dungeon Crawl Stone Soup version 0.14-a0-426-gb52781e (webtiles) character file.

151 Leibowitz the Skirmisher (level 4, -2/28 HPs)
             Began as a Kobold Fighter on Oct 28, 2013.
             Slain by Crazy Yiuf
             ... wielding a +3,+3 quarterstaff of chaos
              (11 damage)
             ... on Level 2 of the Dungeon.
             The game lasted 00:05:02 (1718 turns).

Leibowitz the Skirmisher (Kobold Fighter)           Turns: 1718, Time: 00:05:02

HP  -2/28        AC  4     Str 15      XL: 4   Next: 65%
MP   3/3         EV 12     Int  6      God:
Gold 71          SH 11     Dex 15      Spells:  0 memorised,  3 levels left

Res.Fire  : . . .   See Invis. : .   a - +0 short sword
Res.Cold  : . . .   Warding    : .   e - +0 leather armour
Life Prot.: + . .   Conserve   : .   c - +0 buckler
Res.Poison: .       Res.Corr.  : .   (no helmet)
Res.Elec. : .       Clarity    : +   (no cloak)
Sust.Abil.: . .     Spirit.Shd : .   (no gloves)
Res.Mut.  : .       Stasis     : .   f - +0 pair of boots
Res.Rott. : .       Flight     : .   o - amulet of clarity {unknown}
Saprovore : + + .                    (no ring)
                                     h - ring of positive energy {unknown}

@: mildly poisoned, drained, slightly resistant to hostile enchantments,
unstealthy
A: disease resistance, carnivore 3, saprovore 2
a: no special abilities


You were on level 2 of the Dungeon.
You were completely stuffed.

You visited 1 branch of the dungeon, and saw 2 of its levels.

You collected 51 gold pieces.

Inventory:

Hand weapons
 a - a +0,+0 short sword (weapon)
Missiles
 g - 11 poisoned needles
 n - a tomahawk (quivered)
Armour
 c - a +0 buckler (worn)
 e - a +0 leather armour (worn)
 f - a +0 pair of boots (worn)
Comestibles
 d - a meat ration
 k - a rotting chunk of worm flesh
Scrolls
 b - 2 scrolls of amnesia {unknown}
 i - a scroll of identify {unknown}
 j - a scroll of remove curse {unknown}
 l - a scroll of teleportation {unknown}
 m - 2 scrolls of fear {unknown}
Jewellery
 h - a ring of positive energy (left hand) {unknown}
 o - an amulet of clarity (around neck) {unknown}


   Skills:
 * Level 3.8(3.6) Fighting
 + Level 3.0(2.8) Short Blades
 + Level 2.7(2.5) Armour
 * Level 2.2(2.0) Dodging
 * Level 1.3(1.1) Stealth
 * Level 2.9(2.7) Shields


You had 3 spell levels left.
You didn't know any spells.

Dungeon Overview and Level Annotations

Branches:
Dungeon (2/27)

Altars:

Annotations:
D:2 Crazy Yiuf


Innate Abilities, Weirdness & Mutations

You recuperate from illness quickly.
You are small and have problems with some larger weapons.
You are carnivorous and can eat meat at any time.
You can eat rotten meat.


Message History

Crazy Yiuf completely misses you.
You hit Crazy Yiuf but do no damage.
Crazy Yiuf is moderately wounded.
Crazy Yiuf closely misses you.
You barely miss Crazy Yiuf.
Crazy Yiuf is moderately wounded.
Crazy Yiuf hits you with a quarterstaff of chaos!
Crazy Yiuf freezes you.
You hit Crazy Yiuf but do no damage.
Crazy Yiuf is moderately wounded.
Crazy Yiuf hits you but does no damage.
You are poisoned.
You hit Crazy Yiuf but do no damage.
Crazy Yiuf is moderately wounded.
You smell something rotten. (slot k)
You barely miss Crazy Yiuf.
Crazy Yiuf is moderately wounded.
Crazy Yiuf hits you with a quarterstaff of chaos.
You are electrocuted!
You die...

##### #.()# #...#
... #g# ##@# #.##
##### ##.# #...#
#.## #...# ##.##
########...# #...##
#..........# #....#
#.##.......# ##..##
#.##.......###....#


You could see Crazy Yiuf.

Vanquished Creatures
  Jessica (D:2)
  3 adders (D:2)
  A worm (D:2)
  2 giant geckos
  A giant cockroach (D:1)
  5 goblins (D:1)
  3 hobgoblins
  2 kobolds
  A ball python (D:1)
  4 bats (D:1)
  A giant newt (D:1)
  2 jackals (D:2)
  6 rats
32 creatures vanquished.

Notes
Turn   | Place    | Note
--------------------------------------------------------------
     0 | D:1      | Leibowitz, the Kobold Fighter, began the quest for the Orb.
     0 | D:1      | Reached XP level 1. HP: 14/14 MP: 0/0
     3 | D:1      | Noticed a giant goldfish
     3 | D:1      | Noticed a shark
   240 | D:1      | Reached XP level 2. HP: 19/19 MP: 1/1
   457 | D:1      | Reached XP level 3. HP: 24/24 MP: 2/2
   818 | D:2      | Noticed Jessica
   834 | D:2      | Reached skill level 1 in Dodging
   929 | D:2      | HP: 1/24 [adder (5)]
   933 | D:2      | Reached skill level 1 in Stealth
  1013 | D:2      | Killed Jessica
  1013 | D:2      | Reached XP level 4. HP: 19/28 MP: 3/3
  1706 | D:2      | Noticed Crazy Yiuf
  1718 | D:2      | Slain by Crazy Yiuf

Action                   |  1- 3 |  4- 6 || total
-------------------------+-------+-------++-------
Melee: Short sword       |   108 |    56 ||   164
Throw: Tomahawk          |       |     2 ||     2
  Use: Potion            |     1 |     3 ||     4
